 Dungeon Crawl Stone Soup version 0.30-a0-358-g0d69a1922f (webtiles) character file.

Game seed: 13377498637199533960

59327 hikkokomori the Brawler (level 14, -10/144 HPs)
             Began as a Troll Fighter on Nov 9, 2022.
             Was the Champion of the Shining One.
             Mangled by a shock serpent (14 damage)
             ... on level 2 of the Lair of Beasts.
             The game lasted 00:44:46 (16354 turns).

hikkokomori the Brawler (Troll Fighter)            Turns: 16354, Time: 00:44:47

Health: -10/144    AC: 12    Str: 27    XL:     14   Next: 52%
Magic:  18/18      EV: 10    Int:  6    God:    the Shining One [******]
Gold:   1361       SH: 16    Dex:  9    Spells: 12/13 levels left

rFire   . . .      SeeInvis +      - Unarmed
rCold   . . .      Faith    .    h - +1 kite shield {AC+3}
rNeg    + + +      Spirit   .    J - +0 robe of Toamayp {rPois Int-2 Stlth+}
rPois   +          Reflect  +    j - +0 hat
rElec   .          Harm     .    i - +0 cloak
rCorr   .          Rampage  .    (gloves unavailable)
Will    +....      Clarity  +    (boots unavailable)
Stlth   +.........               U - amulet of reflection
HPRegen 1.24/turn                r - +4 ring of protection
MPRegen 0.16/turn                W - ring of see invisible

@: glowing, studying Armour, unable to read
A: large, unfitting armour, claws 3, regeneration 1, shaggy fur 1, tough skin 1,
clarity, inability to read after injury 1
a: Renounce Religion, Divine Shield, Cleansing Flame, Summon Divine Warrior,
Brand Weapon With Holy Wrath


You were on level 2 of the Lair of Beasts.
You worshipped the Shining One.
The Shining One was exalted by your worship.
You visited 5 branches of the dungeon, and saw 19 of its levels.
You also visited: Gauntlet.

You collected 2176 gold pieces.
You spent 815 gold pieces at shops.

Inventory:

Missiles
 w - a throwing net (quivered)
 L - 5 silver javelins
Armour
 b - a +0 kite shield
 h - a +1 kite shield of protection (worn)
 i - a +0 cloak (worn)
 j - a +0 hat (worn)
 J - the +0 robe of Toamayp (worn) {rPois Int-2 Stlth+}
   (You bought it in a shop on level 5 of the Dungeon)

   Int:       It affects your intelligence (-2).
   rPois:     It protects you from poison.
   Stlth:     It makes you more stealthy.
 Q - +0 steam dragon scales
Jewellery
 a - an amulet of the acrobat
 l - a ring of magical power
 r - a +4 ring of protection (left claw)
 N - a ring of resist corrosion
 T - an amulet of regeneration
 U - an amulet of reflection (around neck)
 W - a ring of see invisible (right claw)
 Z - a ring of ice
Wands
 y - a wand of iceblast (15)
 z - a wand of quicksilver (15)
 C - a wand of polymorph (13)
 G - a wand of mindburst (38)
 O - a wand of flame (25)
Scrolls
 c - 3 scrolls of enchant armour
 d - a scroll of magic mapping {unknown}
 e - a scroll of torment {unknown}
 f - 2 scrolls of poison
 k - 2 scrolls of immolation
 m - 3 scrolls of teleportation
 s - 3 scrolls of fear
 u - a scroll of noise {unknown}
 E - 2 scrolls of vulnerability
 F - 2 scrolls of enchant weapon
 H - 4 scrolls of blinking
 I - a scroll of amnesia
 M - 2 scrolls of fog
 S - a scroll of silence {unknown}
Potions
 g - 3 potions of lignification
 n - 4 potions of invisibility
 o - 3 potions of haste
 p - 3 potions of mutation
 q - a potion of brilliance {unknown}
 t - 3 potions of curing
 v - 5 potions of attraction
 x - 3 potions of flight
 A - a potion of heal wounds
 B - a potion of cancellation
 D - a potion of berserk rage {unknown}
 K - 3 potions of degeneration
 P - a potion of ambrosia {unknown}
 R - 2 potions of might
 Y - a potion of magic {unknown}


   Skills:
 + Level 10.5 Fighting
 + Level 7.5 Dodging
 - Level 10.0 Shields
 * Level 16.8 Unarmed Combat
 - Level 2.9 Translocations
 + Level 7.3 Invocations


You had 12 spell levels left.
You knew the following spells:

 Your Spells              Type           Power      Damage    Failure   Level
a - Apportation           Tloc           6%         N/A       28%         1

Your spell library contained the following spells:

 Spells                   Type           Power      Damage    Failure   Level
 Summon Small Mammal      Summ           0%         N/A       67%         1
 Cigotuvi's Dreadful Rot  Necr/Pois/Air  0%         N/A       80%         2
 Poisonous Vapours        Pois/Air       0%         N/A       80%         2
 Call Canine Familiar     Summ           0%         N/A       95%         3
 Mephitic Cloud           Conj/Pois/Air  0%         N/A       95%         3
 Summon Guardian Golem    Hex/Summ       0%         N/A       95%         3
 Alistair's Intoxication  Tmut/Pois      0%         N/A       100%        5
 Fireball                 Conj/Fire      0%         3d3       100%        5
 Iskenderun's Battlesphe  Conj           0%         2d6       100%        5
 Summon Forest            Summ/Tloc      0%         N/A       100%        5
 Conjure Ball Lightning   Conj/Air       0%         3x3d6     100%        6
 Eringya's Noxious Bog    Tmut/Pois      0%         N/A       100%        6
 Orb of Destruction       Conj           0%         9d5       100%        7
 Spellforged Servitor     Conj/Summ      0%         N/A       100%        7
 Summon Hydra             Summ           0%         N/A       100%        7


Dungeon Overview and Level Annotations

Branches:
Dungeon (10/15)            Temple (1/1) D:4            Lair (5/5) D:8
  Swamp (0/4) Lair:3        Snake (1/4) Lair:2        Slime (0/5) Lair:4
    Orc (2/2) D:9             Elf (0/3) Orc:2       Gauntlet (visited)

Altars:
Ashenzari
Cheibriados
Dithmenos
Elyvilon
Fedhas
Gozag
Hepliaklqana
Kikubaaqudgha
Makhleb
Nemelex Xobeh
Okawaru
Qazlal
Ru
Sif Muna
Trog
Uskayaw
Vehumet
Wu Jian
Xom
Yredelemnul
Zin
The Shining One
Jiyva

Shops:
D:5 [   D:6 :   Orc:2 *[=(

Annotations:
D:3 2 runed translucent doors, porpoise's ghost, amateur DsMo
Lair:1 1 runed translucent door, Puggon's ghost, journeyman TeAE
Lair:4 2 transporters, Kesmoz's ghost, journeyman MfBe


Innate Abilities, Weirdness & Mutations

You are too large for most types of armour.
You have claws for hands.
Your natural rate of healing is unusually fast.
You are covered in fur. (AC +1)
You have tough skin. (AC +1)
You possess an exceptional clarity of mind.
You occasionally lose the ability to read scrolls when taking damage.


Message History

The plant begins to die.
The bolt of electricity hits the plant!!
You closely miss the shock serpent.
The shock serpent is severely wounded.
The shock serpent barely misses you.
You barely miss the shock serpent.
The shock serpent is severely wounded.
The shock serpent bites you! The shock serpent shocks you!
* * * LOW HITPOINT WARNING * * *
You closely miss the shock serpent.
The shock serpent is severely wounded.
The shock serpent closely misses you.
The shock serpent shoots out a bolt of lightning at you!
The bolt of electricity hits you!!
You feel threatened and lose the ability to read scrolls!
* * * LOW HITPOINT WARNING * * *
The bolt of electricity hits the plant!!
The bolt of electricity hits the plant!
You closely miss the shock serpent.
The shock serpent is severely wounded.
You block the shock serpent's attack.
You feel much better.
A nearby plant withers and dies.
The shock serpent bites you but does no damage.
You claw the shock serpent!
The shock serpent is severely wounded.
The shock serpent's electric aura discharges, shocking you!
* * * LOW HITPOINT WARNING * * *
You block the shock serpent's attack.
You scratch the shock serpent.
The shock serpent is almost dead.
You block the shock serpent's attack.
The shock serpent shoots out a bolt of lightning at you!
The bolt of electricity hits you!
* * * LOW HITPOINT WARNING * * *
You scratch the shock serpent but do no damage.
The shock serpent is severely wounded.
The shock serpent bites you!
* * * LOW HITPOINT WARNING * * *
The shock serpent shocks you!
You die...

......## ##..## ##..## #.....
.....#.# ##...# #...## #####...#
.....#.# #.P..####...# #.......#
....†)## ##....####.P# #.......P
......# #.#..##....# ##.......
.....## ###P.##...## #.#......
...P..# ###......## ###......
##....#####.#P...P..#####.......P
......##..##....@S....##.P...^..P
......P............#............P
.#.........##P...##...#..........
.#.#...#..##.#..####.#####.......
.#.#..########...##...# ###......
#.....#.# ##..P##...###........
.......## ##....###....####..##.
...#....# #....## #....P#.....#.
...##'### #....####.#P..........


You could see a shock serpent.

Vanquished Creatures
  An orc warlord (Orc:2)
  A minotaur (Gauntlet)
  An ettin (Orc:2)
  Fannar (D:9)
  2 hydras
  A boulder beetle (Lair:5)
  3 catoblepae (Lair:5)
  An anaconda (Lair:5)
  12 death yaks
  4 orc high priests (Orc:2)
  A soul eater (Gauntlet)
  A naga ritualist (Snake:1)
  A mana viper (Snake:1)
  4 orc sorcerers (Orc:2)
  3 orc knights (Orc:2)
  An oklob plant (Lair:2)
  2 manticores (Lair:5)
  6 black mambas
  Joseph (D:8)
  8 elephants
  A minotaur zombie (Gauntlet)
  15 cane toads
  Maggie (Lair:2)
  6 komodo dragons
  3 rime drakes
  A troll (Orc:2)
  4 hornets
  3 polar bears (Lair:5)
  19 blink frogs
  Sigmund (D:3)
  A wraith (D:10)
  3 wyverns
  4 shadows (Gauntlet)
  A vampire (D:10)
  4 basilisks
  35 yaks
  A warg (Orc:2)
  A steam dragon (D:8)
  15 water moccasins
  39 orc warriors
  2 ice beasts
  2 sky beasts
  6 black bears
  A hornet zombie (D:7)
  6 ogres
  4 centaurs
  16 wolves
  3 phantoms
  2 kobold brigands
  14 bullfrogs
  4 scorpions
  6 wights
  11 killer bees
  3 howler monkeys
  An electric eel (Lair:4)
  2 centaur zombies (D:7)
  2 hounds (D:6)
  6 jellies
  39 orc priests
  A gnoll bouda (D:7)
  4 iguanas (D:4)
  32 orc wizards
  3 killer bee zombies (D:7)
  A howler monkey zombie (D:7)
  11 gnolls
  3 adders
  4 shadow imps (Gauntlet)
  2 white imps
  2 worms
  4 dart slugs
  129 orcs
  21 endoplasms
  3 giant cockroaches
  7 goblins
  5 hobgoblins
  8 jackals
  A quokka (D:1)
  2 ball pythons (D:1)
  3 bats
  4 frilled lizards
  14 kobolds
  3 rats
610 creatures vanquished.

Vanquished Creatures (others)
  61 fungi
  80 plants
141 creatures vanquished.

Grand Total: 751 creatures vanquished

Notes
Turn   | Place    | Note
-------+----------+-------------------------------------------
     0 | D:1      | hikkokomori the Troll Fighter began the quest for the Orb.
     0 | D:1      | Reached XP level 1. HP: 22/22 MP: 0/0
   193 | D:1      | Reached XP level 2. HP: 29/29 MP: 1/1
   873 | D:2      | Reached XP level 3. HP: 36/36 MP: 2/2
   882 | D:2      | Reached skill level 3 in Unarmed Combat
  1614 | D:3      | Reached XP level 4. HP: 32/45 MP: 3/3
  1652 | D:3      | Found a large runed translucent door.
  1652 | D:3      | Found a large runed translucent door.
  1653 | D:3      | Noticed porpoise's ghost (amateur DsMo)
  1878 | D:3      | Noticed Sigmund
  1880 | D:3      | Gained mutation: You occasionally lose the ability to read
                  | scrolls when taking damage. [potion of mutation]
  1880 | D:3      | Gained mutation: You possess an exceptional clarity of
                  | mind. [potion of mutation]
  1894 | D:3      | Killed Sigmund
  1895 | D:3      | Reached skill level 4 in Unarmed Combat
  1895 | D:3      | Reached XP level 5. HP: 47/53 MP: 4/4
  2081 | D:3      | Reached XP level 6. HP: 61/61 MP: 5/5
  2260 | D:4      | Reached skill level 5 in Unarmed Combat
  2371 | D:4      | Found a sparkling altar of Nemelex Xobeh.
  2479 | D:4      | Reached XP level 7. HP: 58/68 MP: 6/6
  2520 | D:4      | Reached skill level 6 in Unarmed Combat
  2748 | D:4      | Found a staircase to the Ecumenical Temple.
  2766 | Temple   | Entered the Ecumenical Temple
  2772 | Temple   | Became a worshipper of the Shining One
  3006 | D:5      | Entered Level 5 of the Dungeon
  3012 | D:5      | Found Keesi's Armour Shoppe.
  3178 | D:5      | Reached skill level 5 in Shields
  3178 | D:5      | Reached XP level 8. HP: 79/79 MP: 7/7
  3220 | D:5      | Reached skill level 7 in Unarmed Combat
  3853 | D:6      | Reached skill level 5 in Fighting
  3905 | D:6      | Reached skill level 8 in Unarmed Combat
  4019 | D:6      | Reached * piety under the Shining One
  4134 | D:6      | Reached XP level 9. HP: 88/88 MP: 8/8
  4144 | D:6      | Found Decixai's Book Shoppe.
  4391 | D:6      | Reached skill level 9 in Unarmed Combat
  4674 | D:6      | You fall into a shaft and drop 2 floors!
  4881 | D:8      | Reached skill level 10 in Unarmed Combat
  4949 | D:8      | Found a staircase to the Lair.
  4958 | D:8      | Reached XP level 10. HP: 99/100 MP: 9/9
  5111 | D:8      | Noticed Joseph
  5123 | D:8      | Killed Joseph
  5141 | Lair:1   | Entered Level 1 of the Lair of Beasts
  5216 | D:8      | Reached skill level 11 in Unarmed Combat
  5410 | D:8      | Reached ** piety under the Shining One
  6186 | D:7      | Found a basalt altar of Yredelemnul.
  6359 | D:6      | Reached skill level 12 in Unarmed Combat
  6584 | D:5      | Bought the +0 robe of Toamayp {rPois Int-2 Stlth+} for 136
                  | gold pieces
  6807 | D:9      | Found a staircase to the Orcish Mines.
  6827 | D:9      | Reached *** piety under the Shining One
  6916 | D:9      | Reached XP level 11. HP: 59/109 MP: 10/10
  7084 | D:9      | Found an iron altar of Okawaru.
  7361 | D:10     | Entered Level 10 of the Dungeon
  7640 | D:10     | Found a stormy altar of Qazlal.
  7642 | D:10     | Found an ancient bone altar of Kikubaaqudgha.
  7642 | D:10     | Found an ornate altar of the Wu Jian Council.
  8028 | Lair:1   | Learned a level 1 spell: Apportation
  8167 | Lair:1   | Reached **** piety under the Shining One
  8301 | Lair:1   | Reached skill level 1 in Translocations
  8373 | Lair:1   | Reached skill level 1 in Invocations
  8408 | Lair:1   | Found a runed translucent door.
  8417 | Lair:1   | Noticed Puggon's ghost (journeyman TeAE)
  8864 | Lair:1   | Reached skill level 13 in Unarmed Combat
  9058 | Lair:2   | Noticed Maggie
  9067 | Lair:2   | Killed Maggie
  9125 | Lair:2   | Noticed an oklob plant
  9197 | Lair:2   | Killed an oklob plant
  9253 | Lair:2   | Found a staircase to the Snake Pit.
  9394 | Lair:2   | Noticed a six-headed hydra
  9407 | Lair:2   | Killed an eight-headed hydra
  9430 | Lair:2   | Reached XP level 12. HP: 69/122 MP: 13/13
 10215 | Lair:3   | Found a staircase to the Swamp.
 10513 | Lair:3   | Noticed a death yak
 10513 | Lair:3   | Noticed a death yak
 10514 | Lair:3   | Noticed a death yak
 10514 | Lair:3   | Noticed a death yak
 10515 | Lair:3   | Noticed a death yak
 10658 | Lair:3   | Killed a death yak
 10659 | Lair:3   | Reached skill level 14 in Unarmed Combat
 10676 | Lair:3   | Killed a death yak
 10685 | Lair:3   | Killed a death yak
 10691 | Lair:3   | Killed a death yak
 10704 | Lair:3   | Killed a death yak
 10705 | Lair:3   | Reached skill level 5 in Dodging
 10896 | Lair:4   | Found a gate leading to a gauntlet.
 10912 | Gauntlet | Entered a Gauntlet
 10912 | Gauntlet | Found a transporter.
 10912 | Gauntlet | Found a transporter.
 10912 | Gauntlet | Found a transporter.
 10913 | Gauntlet | Found a transporter.
 10914 | Gauntlet | Found a transporter.
 10917 | Gauntlet | Found a transporter.
 10924 | Gauntlet | Found a transporter.
 10925 | Gauntlet | Found a transporter.
 10926 | Gauntlet | Found a transporter.
 10928 | Gauntlet | Found a transporter.
 10932 | Gauntlet | Found a runed translucent door.
 10932 | Gauntlet | Found a runed translucent door.
 10934 | Gauntlet | Reached ***** piety under the Shining One
 10936 | Gauntlet | Found a transporter.
 10936 | Gauntlet | Found a transporter.
 11344 | Gauntlet | Found the +12 glaive of Prune {vorpal}
 11344 | Gauntlet | Noticed a minotaur
 11355 | Gauntlet | Killed a minotaur
 11482 | Lair:4   | Found a transporter.
 11482 | Lair:4   | Found a transporter.
 11508 | Lair:4   | Noticed a four-headed hydra
 11519 | Lair:4   | Killed a nine-headed hydra
 11622 | Lair:4   | Noticed a death yak
 11622 | Lair:4   | Noticed a seven-headed hydra
 11655 | Lair:4   | Noticed Kesmoz's ghost (journeyman MfBe)
 11679 | Lair:4   | Noticed a boulder beetle
 11735 | Lair:4   | Found a viscous altar of Jiyva.
 11736 | Lair:4   | Found a staircase to the Slime Pits.
 11768 | Lair:4   | Identified the +10 shortbow of Meffix {flame, *Slow rCorr
                  | Str+6}
 11899 | Lair:4   | Reached XP level 13. HP: 131/131 MP: 15/15
 12567 | Lair:5   | Entered Level 5 of the Lair of Beasts
 12649 | Lair:5   | Reached skill level 5 in Invocations
 12867 | Lair:5   | Reached skill level 15 in Unarmed Combat
 13543 | Lair:5   | Reached skill level 10 in Shields
 13929 | Lair:5   | Reached skill level 10 in Fighting
 13929 | Lair:5   | Reached skill level 16 in Unarmed Combat
 13929 | Lair:5   | Reached XP level 14. HP: 67/143 MP: 17/17
 14437 | Orc:1    | Entered Level 1 of the Orcish Mines
 14437 | Orc:1    | Noticed Fannar
 14452 | D:9      | Killed Fannar
 14670 | Orc:2    | Entered Level 2 of the Orcish Mines
 14769 | Orc:2    | Found a staircase to the Elven Halls.
 15300 | Orc:2    | Reached ****** piety under the Shining One
 15309 | Orc:2    | Noticed an orc warlord
 15391 | Orc:2    | Killed an orc warlord
 15747 | Orc:2    | Found Rexoujoq's Antique Armour Boutique.
 15748 | Orc:2    | Found Bidgha's Antique Weapon Shop.
 15750 | Orc:2    | Found Muiheuw's General Store.
 15750 | Orc:2    | Found Gitesa's Jewellery Boutique.
 15768 | Orc:2    | Bought a shiny kite shield for 195 gold pieces
 15790 | Orc:2    | Bought a scroll of identify for 26 gold pieces
 15790 | Orc:2    | Bought a scroll of identify for 26 gold pieces
 15790 | Orc:2    | Bought a scroll of enchant armour for 97 gold pieces
 15790 | Orc:2    | Bought a potion of heal wounds for 65 gold pieces
 15792 | Orc:2    | Bought a ring of see invisible for 270 gold pieces
 16235 | Snake:1  | Entered Level 1 of the Snake Pit
 16354 | Lair:2   | HP: 4/144 [shock serpent (8)]
 16354 | Lair:2   | Mangled by a shock serpent

Illustrated notes

Levels and vault maps discovered:
D:1:      grunt_arrival_crossed_arrows, layout_basic, kennysheep_small_spiral,
          minmay_misc_feat_rugged
D:2:      layout_basic, kennysheep_generic_room_15
D:3:      layout_basic, ebering_ghost_disaster_area, serial_corexii_hall,
          corexii_hall_statues_x, corexii_hall_statues_l,
          corexii_hall_statues_l, uniq_sigmund
D:4:      layout_basic, nemelex_diamond_rough_becter,
          minmay_temple_entry_poolview
D:5:      layout_gridville, serial_shops, nicolae_shop_waterfront
D:6:      layout_basic, serial_shops, shop_statue,
          minmay_misc_feat_more_columns, minmay_fractal_squares_diagonal_5
D:7:      layout_gridville, nicolae_yredelemnul_corpse_copse
D:8:      layout_basic, due_lair_maze_entry_diamond, uniq_joseph
D:9:      layout_gridville, mainiacjoe_overflow_24_doors, hiddenorc2_lemuel
D:10:     layout_stronghold, chequers_temple_overflow_statue_of_worship,
          worms_lemuel
Temple:   eino_temple_rhombus
Lair:1:   layout_chaotic_city, hellmonk_ghost_happy_afterlife,
          chequers_serial_rivers_micro_b, chequers_serial_rivers_room_a
Lair:2:   lemuel_slime, layout_chaotic_city, minmay_snake_entry_six_corridors,
          uniq_maggie
Lair:3:   layout_regular_city, swamp_mist_pool, infiniplex_staircase_pool_2
Lair:4:   layout_small_grid, slime_entry_1, nzn_ghost_randoct,
          gauntlet_entry_generic, chequers_serial_rivers_room_b,
          serial_bayou_shore_a
Lair:5:   evilmike_catoblepas_cave, layout_misc_corridors, nzn_sisyphean_effort
Snake:1:  layout_rooms, st_stairs_11, guppyfry_snake_island, minmay_shoptagon,
          grunt_megastairs_1, uniq_aizul
Orc:1:    layout_caves, nicolae_orc_tapped_out, uniq_fannar
Orc:2:    st_orc_congregation, layout_caves

Skill      XL: |  1  2  3  4  5  6  7  8  9 10 11 12 13 14 |
---------------+-------------------------------------------+-----
Shields        | 3 4 5 6 7 8 9 10 | 10.0
Unarmed Combat | 3 4 5 6 8 10 12 13 14 16 | 16.8
Fighting       | 3 4 5 6 7 8 9 10 | 10.5
Dodging        | 4 5 6 7 |  7.5
Translocations | 2 |  2.9
Invocations    | 2 4 6 7 |  7.3

Action                   |  1- 3 |  4- 6 |  7- 9 | 10-12 | 13-15 || total
-------------------------+-------+-------+-------+-------+-------++-------
Melee: Unarmed           |   114 |    80 |   247 |   669 |   605 ||  1715
Invok: Divine Shield     |       |       |       |     2 |     1 ||     3
       Cleansing Flame   |       |       |       |       |     1 ||     1
Evoke: Wand              |       |       |       |    11 |     4 ||    15
  Use: Potion            |       |     2 |       |     6 |     1 ||     9
       Scroll            |       |       |       |    15 |     7 ||    22
Armor: Robe              |    27 |    20 |    33 |   175 |   110 ||   365
Dodge: Dodged            |    45 |    13 |    72 |   170 |   135 ||   435
Block: Kite shield       |    37 |    25 |    93 |   271 |   350 ||   776
       Reflection        |       |       |       |       |    11 ||    11

Table legend: (Time is in decaauts)
 A = Elapsed time spent in this place.
 B = Non-inter-level travel time spent in this place.
 C = Inter-level travel time spent in this place.
 D = Time resting spent in this place.
 E = Time spent auto-exploring this place.
 F = Levels seen in this place.
 G = Mean time per level.
                   A        B        C        D        E       F      G
               +--------+--------+--------+--------+--------+-----+--------+
         Total |  16173 |  14873 |   1300 |    955 |   9994 |  20 |  808.7 |
       Dungeon |   7807 |   6994 |    813 |    160 |   5017 |  10 |  780.7 |
        Temple |    183 |    161 |     22 |      0 |    150 |   1 |  183.0 |
          Lair |   5947 |   5544 |    403 |    520 |   3851 |   5 | 1189.4 |
     Snake Pit |    106 |    106 |      0 |     75 |      8 |   1 |  106.0 |
  Orcish Mines |   1576 |   1515 |     61 |    140 |    802 |   2 |  788.0 |
      Gauntlet |    552 |    552 |      0 |     60 |    166 |   1 |  552.0 |
               +--------+--------+--------+--------+--------+-----+--------+

Top non-repeatable levels by time:
  Lair:4: 1481 daAuts
  Lair:5: 1359 daAuts
   Orc:2: 1332 daAuts
     D:8: 1222 daAuts
  Lair:1: 1098 daAuts
  Lair:3: 1017 daAuts
     D:6: 999 daAuts
  Lair:2: 990 daAuts
     D:5: 966 daAuts
     D:1: 799 daAuts
     D:3: 787 daAuts
     D:9: 782 daAuts
     D:2: 652 daAuts
     D:4: 603 daAuts
Gauntlet: 552 daAuts
